AoeStats
← Player

African Clearing

505007674Analyzed
4v4 RM · 26d ago on Sep 7, 2026· 21m 49s· 8 players
Game mode
Random Map
Map size
Large (8 player)
Population
200
Speed
Normal
Resources
Standard
Victory
Conquest
Starting age
Dark Age
Ending age
Imperial Age
RankedLock teamsTeams togetherTeam positionsShared explorationLock speedFull tech treeHidden civsTurbo modeCheats
Victory
Defeat
🇹🇷 Slavs · Türkiye
919
+14
🇵🇱 Burgundians · Poland
837
+17
🇹🇼 Goths · Taiwan
820
+18
🇹🇷 Teutons · Türkiye
741
+21
🇲🇰 Mongols · North Macedonia
966
-22
🇻🇳 Burgundians · Vietnam
957
-21
🇦🇺 Magyars · Australia
823
-16
🇹🇷 Turks · Türkiye
702
-11
wojopl31
7:41 Loom
11:12 Wheelbarrow
12:34 Double-Bit Axe
14:20 Feudal Age
15:41 Bow Saw
15:22 Town Watch
17:42 Horse Collar
21:05 Castle Age
PiriFeyiz
9:16 Loom
16:30 Feudal Age
21:14 Castle Age
sevbanyagizdemirli
15:06 Feudal Age
16:26 Wheelbarrow
15:35 Horse Collar
15:49 Double-Bit Axe
20:49 Gold Mining
YJHAN
3:32 Loom
13:12 Feudal Age
14:05 Town Watch
14:17 Double-Bit Axe
22:58 Castle Age
21:50 Horse Collar
soaring rush
16:43 Feudal Age
18:25 Wheelbarrow
17:38 Double-Bit Axe
17:34 Horse Collar
Daniel
16:31 Feudal Age
15:49 Loom
17:02 Loom
20:56 Castle Age
20:01 Stone Mining
20:03 Double-Bit Axe
20:01 Horse Collar
20:17 Gold Mining
22:07 Wheelbarrow
Player
6:33 Loom
16:25 Feudal Age
17:05 Double-Bit Axe
17:14 Gold Mining
18:33 Stone Mining
22:05 Castle Age
nmcdo71
4:29 Loom
16:22 Feudal Age
20:52 Castle Age
19:55 Double-Bit Axe
19:52 Horse Collar
22:14 Heavy Plow
Connection lost

Rejoining the realm…

Still unreachable

The connection could not be restored.

Session expired

The server has moved on; the page needs a fresh start.